 Seeded DCSS version 0.29-a0-284-gf9362112df (webtiles) character file.

Game seed: 8811026019759023423 (custom seed)

5 bwicke the Skirmisher (level 1, 0/19 HPs)
             Began as a Palentonga Abyssal Knight on Mar 30, 2022.
             Was a Believer of Lugonu.
             Slain by a jackal (2 damage)
             ... on level 1 of the Dungeon.
             The game lasted 00:01:46 (78 turns).

bwicke the Skirmisher (Palentonga Abyssal Knight)     Turns: 78, Time: 00:01:46

Health: 0/19       AC:  4    Str: 16    XL:     1   Next: 66%
Magic:  1/2        EV:  9    Int: 10    God:    Lugonu [**....]
Gold:   14         SH:  0    Dex: 10    Spells: 0/0 levels left

rFire   . . .      SeeInvis +   a - +1 mace
rCold   . . .      Faith    .   (no shield)
rNeg    . . .      Spirit   .   b - +0 leather armour
rPois   .          Reflect  .   (no helmet)
rElec   .          Harm     .   (no cloak)
rCorr   .          Rampage  .   (no gloves)
Will    .....                   (no barding)
Stlth   +.........              (no amulet)
HPRegen 0.06/turn               (no ring)
MPRegen 0.08/turn               (no ring)

@: no status effects
A: large, rugged brown scales 3, see invisible, deformed body, roll 1, armoured
tail, noise suppression
a: Rolling Charge, Renounce Religion, Depart the Abyss, Bend Space


You were on level 1 of the Dungeon.
You worshipped Lugonu.
Lugonu was pleased with you.
You visited 1 branch of the dungeon, and saw 1 of its levels.
You visited the Abyss 1 time.

You collected 14 gold pieces.

Inventory:

Hand Weapons
 a - a +1 mace (weapon)
Armour
 b - a +0 leather armour (worn)
Magical Staves
 c - a staff of earth


   Skills:
 - Level 3.0 Fighting
 + Level 2.2 Maces & Flails
 - Level 1.6 Armour
 - Level 0.9 Dodging
 - Level 2.1 Invocations


You couldn't memorise any spells.
You didn't know any spells.
Your spell library was empty.

Dungeon Overview and Level Annotations

Branches:
Dungeon (1/15)

Altars:


Innate Abilities, Weirdness & Mutations

You are completely covered in rugged brown scales. (AC +3, +7% HP)
You have supernaturally acute eyesight. (SInv)
Armour fits poorly on your strangely shaped body.
You can roll at nearby foes to attack.
You have a long armoured tail.
You passively dampen the noise of your surroundings.


Message History

The jackal stops to sniff the ground.
The jackal closely misses you.
The jackal bites you but does no damage.
There's nothing you can charge at!
The frilled lizard attacks as you move away!
The frilled lizard barely misses you.
The jackal bites you but does no damage.
You barely miss the quokka.
The quokka bites you but does no damage.
The jackal barely misses you. The frilled lizard bites you.
The jackal bites you. The quokka bites you.
You sock the quokka!
You kill the quokka!
Lugonu accepts your kill. The jackal barely misses you.
The jackal closely misses you. The frilled lizard bites you.
The jackal bites you.
The jackal bites you but does no damage.
The frilled lizard barely misses you.
The frilled lizard attacks as you move away!
The frilled lizard bites you. The jackal attacks as you move away!
The jackal bites you.
* * * LOW HITPOINT WARNING * * *
The jackal barely misses you.
The jackal bites you but does no damage.
The jackal barely misses you.
It was a potion of mutation.
You feel extremely strange.
You feel your surroundings grow quieter.
The jackal barely misses you. The jackal closely misses you.
Unknown command.
Space bends around you!
You blink.
You hit the jackal.
You kill the jackal!
Lugonu accepts your kill.
You barely miss the jackal. The jackal barely misses you.
The jackal bites you but does no damage.
You hit the jackal but do no damage. The jackal barely misses you. x2
You hit the jackal.
The jackal is moderately wounded.
The jackal bites you.
You die...

.#####.#...l..........(
#.###h.#####.....
#.....#l....#..##
###..#.......#..#
#.h#....<....#
##..#.......#..#
#...#.....#.....
.########l...#####..###$
#......@hh.#..... ..#
#.########.## ### .# #.#
.. #.# ## .# .# .#


You could see 2 jackals and a frilled lizard.

Vanquished Creatures
  A goblin (D:1)
  A jackal (D:1)
  2 quokkas (D:1)
4 creatures vanquished.

Notes
Turn   | Place    | Note
-------+----------+-------------------------------------------
     0 | Abyss:1  | bwicke the Palentonga Abyssal Knight began the quest for
                  | the Orb.
     0 | Abyss:1  | Reached XP level 1. HP: 19/19 MP: 2/2
    42 | D:1      | Escaped the Abyss
    56 | D:1      | Found a faded altar of an unknown god.
    69 | D:1      | Gained mutation: You passively dampen the noise of your
                  | surroundings. [potion of mutation]
    78 | D:1      | Slain by a jackal

Illustrated notes

Levels and vault maps discovered:
D:1:      scummos_arrival_hexagon, layout_loops_cross, basic_ecumenical_altar

Action                   || total
-------------------------++-------
Melee: Mace              ||    11
       Tailslap          ||     1
Invok: Bend Space        ||     1
 Abil: Rolling Charge    ||     3
  Use: Potion            ||     1
Armor: Leather armour    ||     7
Dodge: Dodged            ||    14

Table legend: (Time is in decaauts)
 A = Elapsed time spent in this place.
 B = Non-inter-level travel time spent in this place.
 C = Inter-level travel time spent in this place.
 D = Time resting spent in this place.
 E = Time spent auto-exploring this place.
 F = Levels seen in this place.
 G = Mean time per level.
                   A        B        C        D        E       F      G
               +--------+--------+--------+--------+--------+-----+--------+
         Total |     80 |     80 |      0 |      0 |      0 |   2 |   40.0 |
       Dungeon |     38 |     38 |      0 |      0 |      0 |   1 |   38.0 |
         Abyss |     42 |     42 |      0 |      0 |      0 |   1 |   42.0 |
               +--------+--------+--------+--------+--------+-----+--------+

Top non-repeatable levels by time:
 Abyss:1: 42 daAuts
     D:1: 38 daAuts
